 Dungeon Crawl Stone Soup version 0.31-a0-177-g4aa6249778 (webtiles) character file.

Game seed: 16772942557132762176

18587 Pooter the Severer (level 12, -5/112 HPs)
             Began as a Minotaur Berserker on June 18, 2023.
             Was a Priest of Trog.
             Slain by a yak (10 damage)
             ... on level 1 of the Lair of Beasts.
             The game lasted 01:00:42 (12103 turns).

Pooter the Severer (Minotaur Berserker)            Turns: 12103, Time: 01:00:42

Health: -5/112     AC: 19    Str: 25    XL:     12   Next: 29%
Magic:  11/11      EV:  7    Int:  4    God:    Trog [***...]
Gold:   875        SH:  5    Dex: 12    Spells: 11/11 levels left

rFire   . . .        a - +0 battleaxe
rCold   . . .        (shield currently unavailable)
rNeg    . . .        G - +1 plate armour {rPois}
rPois   +            (helmet restricted)
rElec   .            (no cloak)
rCorr   .            (no gloves)
SInv    .            K - +2 pair of boots
Will    .....        k - amulet of reflection Stlth
                     l - +4 ring of protection
HPRegen 0.38/turn    (no ring)
MPRegen 0.12/turn

%: reflection
@: mighty, on berserk cooldown, slowed, very slow
A: horns 2, retaliatory headbutt
a: Renounce Religion, Berserk, Trog's Hand


You were on level 1 of the Lair of Beasts.
You worshipped Trog.
Trog was most pleased with you.
You visited 2 branches of the dungeon, and saw 12 of its levels.
You also visited: Ossuary.

You collected 875 gold pieces.

Inventory:

Hand Weapons
 a - a +0 battleaxe (weapon)
   (You took it off a wight on level 9 of the Dungeon)
 b - a +0 orcbow
   (You took it off a centaur on level 8 of the Dungeon)
 i - a +0 arbalest
   (You found it on level 1 of the Lair of Beasts)
 v - a +0 war axe of freezing
   (You took it off an orc on level 4 of the Dungeon)
 w - a +1 halberd of flaming
   (You took it off Maggie on level 8 of the Dungeon)
 y - a +0 heavy hand axe
   (You found it on level 2 of the Dungeon)
 D - a +2 heavy mace
   (You took it off an orc priest on level 6 of the Dungeon)
 F - the +3 hand axe of the Grinning Stork {freeze, rPois rF+}
   (You took it off an orc on level 5 of the Dungeon)

   rF:        It protects you from fire.
   rPois:     It protects you from poison.
 H - a +0 sling
   (You found it on level 5 of the Dungeon)
 J - a +1 trident of protection
   (You took it off a gnoll sergeant on level 8 of the Dungeon)
Missiles
 h - 4 curare-tipped darts
 j - 30 poisoned darts (quivered)
 Q - 139 stones
Armour
 u - a +1 kite shield of protection
   (You found it on level 4 of the Dungeon)
 G - a +1 plate armour of poison resistance (worn)
   (You took it off an orc warrior on level 7 of the Dungeon)
 I - a +0 kite shield of positive energy
   (You took it off a gnoll sergeant on level 8 of the Dungeon)
 K - a +2 pair of boots (worn)
   (You found it on level 7 of the Dungeon)
Jewellery
 k - an amulet of reflection (around neck)
   (You found it on level 4 of the Dungeon)
 l - a +4 ring of protection (left hand)
   (You took it off a kobold brigand on level 8 of the Dungeon)
Wands
 d - a wand of iceblast (8)
   (You found it on level 6 of the Dungeon)
 f - a wand of flame (24)
   (You found it on level 5 of the Dungeon)
 A - a wand of charming (4)
   (You found it on level 5 of the Dungeon)
Scrolls
 c - a scroll of poison
 g - 2 scrolls of immolation {!r}
 t - 2 scrolls of teleportation {@r4}
 x - 2 scrolls of noise {!r}
Potions
 e - 3 potions of haste {unknown}
 m - 4 potions of heal wounds {@q2}
 n - a potion of magic {unknown}
 o - 2 potions of ambrosia {unknown}
 p - a potion of attraction {unknown}
 q - 5 potions of curing {@q1}
 r - 3 potions of might
 s - a potion of enlightenment {unknown}
 z - 2 potions of degeneration {unknown}
 C - 4 potions of lignification {!q}
 E - a potion of mutation {unknown}


   Skills:
 + Level 12.2 Fighting
 * Level 16.5 Axes
 * Level 12.6 Ranged Weapons
 - Level 2.4 Armour
 - Level 2.1 Dodging


You had 11 spell levels left.
You didn't know any spells.
Your spell library was empty.

Dungeon Overview and Level Annotations

Branches:
Dungeon (10/15)            Temple (0/1) D:4            Lair (2/5) D:10
Ossuary (visited)
  Swamp: Lair:2-3    Shoals: Lair:2-3     Snake: Lair:2-3    Spider: Lair:2-3
    Orc: D:9-12

Altars:
Ashenzari
Cheibriados
Dithmenos
Elyvilon
Gozag
Hepliaklqana
Nemelex Xobeh
Okawaru
Ru
Sif Muna
Trog
Yredelemnul
The Shining One


Innate Abilities, Weirdness & Mutations

You have a pair of horns on your head.
You reflexively headbutt those who attack you in melee.


Message History

The death yak gores you but does no damage.
You hit the death yak but do no damage. You slash the death yak!
You slash the yak!
You feel the effects of Trog's Hand fading.
The death yak gores you. You block the death yak's attack. The yak gores you.
The death yak gores you but does no damage.
You hit the death yak.
You headbutt the death yak, but do no damage.
You slice the death yak!! You slash the yak! You barely miss the yak.
You hit the yak but do no damage. The death yak gores you!!
The yak gores you but does no damage. The yak closely misses you.
The yak gores you. You block the death yak's attack.
You slice the death yak!! You slice the yak!!
You hit the death yak but do no damage. You barely miss the yak.
You slash the yak! The death yak gores you!
The yak gores you but does no damage. You block the yak's attack.
The yak gores you.
The death yak gores you but does no damage.
You hit the death yak but do no damage. You hit the yak. You slash the yak!
You barely miss the yak. You slash the death yak! The death yak gores you!
* * * LOW HITPOINT WARNING * * *
The yak gores you.
* * * LOW HITPOINT WARNING * * *
The yak gores you!
* * * LOW HITPOINT WARNING * * *
The yak gores you but does no damage. The death yak closely misses you.
The death yak gores you but does no damage.
The yak gores you but does no damage. The yak gores you.
* * * LOW HITPOINT WARNING * * *
The death yak gores you but does no damage.
Blink to where?
Press: ? - help, Dir - move target, p - death yak
As you read the scroll of blinking, it crumbles to dust.
Your skin stops crawling.
You feel less strong-willed.
The cane toad croaks.
You see here a poisoned dart.
The cane toad completely misses you. You furiously retaliate!
You headbutt the cane toad! The cane toad stings you!
* * * LOW HITPOINT WARNING * * *
You see here a poisoned dart.
The cane toad stings you but does no damage.
You feel very mighty all of a sudden. The cane toad stings you!
* * * LOW HITPOINT WARNING * * *
You block the cane toad's attack.
You slice the cane toad!! The cane toad closely misses you.
The cane toad stings you!
* * * LOW HITPOINT WARNING * * *
The yak gores you!
You die...

##.##.#.####....# .~
#..##...(##.....# .#
##^.....≈((..#..# ..
...~~..~~(≈.(#..# .# ####
..~≈≈~≈≈≈≈††(Y..### #.####...
..~≈≈≈~~~Y(..#..#.#######........
..~~≈~.~.YY.(##...........#.##.##
..~≈≈~..~.(.(##..................
##~~≈~...Y~~~##F@..÷.............
#.~~≈~..≈~≈Y÷YY#.##.#.÷#########
...~~~≈~~≈~..##.#######.# #.
#...≈~..≈....#### #..# ##
##..######...#### ###.# #.##
###..#.#####P#.# .#
#.##.......†.# #.##.#####..##
#.##..# ####


You could see a death yak, 3 yaks and a cane toad.

Vanquished Creatures
  A catoblepas (Lair:1)
  3 two-headed ogres
  3 death yaks (Lair:1)
  A black mamba (Lair:1)
  Maggie (D:8)
  A torpor snail (Lair:1)
  3 cane toads (Lair:1)
  A rime drake (D:10)
  3 komodo dragons (Lair:1)
  2 trolls
  A hornet (D:9)
  A polar bear (D:10)
  4 blink frogs (Lair:1)
  A shadow (D:10)
  15 yaks
  A basilisk (Lair:1)
  3 vampire mosquitoes (D:10)
  A steam dragon (D:7)
  An acid dragon (D:8)
  9 water moccasins
  4 orc warriors
  7 ice beasts
  4 sky beasts
  2 black bears
  2 centaurs
  5 wolves
  An ogre (D:4)
  2 phantoms
  5 kobold brigands
  8 bullfrogs
  A gnoll sergeant (D:8)
  A scorpion (D:5)
  14 wights
  8 killer bees
  7 howler monkeys
  3 jellies
  5 orc priests
  3 gnoll boudas
  4 hounds
  4 iguanas
  A sleepcap (D:6)
  11 orc wizards
  9 mummies
  8 adders
  15 gnolls
  A river rat (Lair:1)
  A shadow imp (D:8)
  A white imp (D:3)
  An ufetubus (D:4)
  2 worms (D:2)
  A dart slug (D:2)
  35 orcs
  8 ball pythons
  11 endoplasms
  3 giant cockroaches
  A gnoll zombie (Ossuary)
  5 goblins
  7 hobgoblins
  3 jackals (D:1)
  5 quokkas
  7 bats
  4 frilled lizards
  A goblin zombie (D:4)
  2 hobgoblin zombies (Ossuary)
  34 kobolds
  5 kobold zombies (Ossuary)
  An orc zombie (D:4)
  9 rats
338 creatures vanquished.

Vanquished Creatures (collateral kills)
  A water moccasin (D:8)
  A centaur (D:8)
  A kobold brigand (D:8)
  A killer bee (D:8)
  An orc wizard (D:8)
  2 gnolls (D:8)
  A kobold (D:8)
8 creatures vanquished.

Vanquished Creatures (others)
  An orc (D:6)
  A kobold (D:8)
2 creatures vanquished.

Grand Total: 348 creatures vanquished

Notes
Turn   | Place    | Note
-------+----------+-------------------------------------------
     0 | D:1      | Pooter the Minotaur Berserker began the quest for the Orb.
     0 | D:1      | Reached XP level 1. HP: 19/19 MP: 0/0
   133 | D:1      | Reached skill level 4 in Axes
   141 | D:1      | Reached XP level 2. HP: 27/27 MP: 1/1
   496 | D:1      | Reached ** piety under Trog
   497 | D:1      | Reached XP level 3. HP: 27/33 MP: 2/2
   888 | D:2      | Found a glowing golden altar of the Shining One.
   942 | D:2      | Reached skill level 5 in Axes
  1412 | D:2      | Found a faded altar of an unknown god.
  1630 | D:3      | Reached XP level 4. HP: 41/41 MP: 3/3
  1829 | D:3      | Identified the staff "Dock" {Str+5 Conj}
  1964 | D:3      | Reached skill level 5 in Fighting
  1964 | D:3      | Reached skill level 6 in Axes
  1964 | D:3      | Reached XP level 5. HP: 46/48 MP: 4/4
  2359 | D:3      | Found a shimmering blue altar of Sif Muna.
  2446 | D:3      | Found a bloodstained altar of Trog.
  2770 | D:4      | Noticed an ogre
  2779 | D:4      | Killed an ogre
  2780 | D:4      | Reached skill level 7 in Axes
  2780 | D:4      | Reached XP level 6. HP: 16/57 MP: 5/5
  2807 | D:4      | Found a sand-covered staircase.
  2811 | Ossuary  | Entered an ossuary
  2945 | Ossuary  | Reached skill level 8 in Axes
  3234 | D:4      | Reached XP level 7. HP: 61/64 MP: 6/6
  3726 | D:4      | Found a staircase to the Ecumenical Temple.
  3781 | D:4      | Reached skill level 9 in Axes
  3793 | D:4      | Reached *** piety under Trog
  4155 | D:5      | Entered Level 5 of the Dungeon
  4444 | D:5      | Identified the +3 hand axe of the Grinning Stork {freeze,
                  | rPois rF+}
  4702 | D:5      | Reached XP level 8. HP: 73/73 MP: 7/7
  4810 | D:6      | Reached skill level 10 in Axes
  4810 | D:6      | Reached skill level 1 in Ranged Weapons
  5883 | D:7      | Reached skill level 11 in Axes
  5966 | D:7      | Reached XP level 9. HP: 82/82 MP: 8/8
  6068 | D:7      | Reached skill level 5 in Ranged Weapons
  6998 | D:8      | Reached skill level 12 in Axes
  7527 | D:8      | Noticed Maggie
  7722 | D:8      | Noticed a troll
  7735 | D:8      | Reached XP level 10. HP: 91/91 MP: 9/9
  7914 | D:8      | Killed Maggie
  7915 | D:8      | Reached skill level 13 in Axes
  8373 | D:9      | Noticed a two-headed ogre
  8919 | D:9      | Killed a two-headed ogre
  8920 | D:9      | Reached skill level 10 in Fighting
  9132 | D:9      | Found a sparkling altar of Nemelex Xobeh.
  9132 | D:9      | Found a hazy altar of Hepliaklqana.
  9132 | D:9      | Found a sacrificial altar of Ru.
  9132 | D:9      | Found a snail-covered altar of Cheibriados.
  9133 | D:9      | Found a shadowy altar of Dithmenos.
  9133 | D:9      | Found a glowing golden altar of the Shining One.
  9134 | D:9      | Found an iron altar of Okawaru.
  9134 | D:9      | Found an opulent altar of Gozag.
  9134 | D:9      | Found a broken altar of Ashenzari.
  9185 | D:9      | Noticed a two-headed ogre
  9206 | D:9      | Reached skill level 14 in Axes
  9238 | D:9      | Killed a two-headed ogre
  9240 | D:9      | Reached skill level 10 in Ranged Weapons
  9240 | D:9      | Reached XP level 11. HP: 101/101 MP: 10/10
  9643 | D:9      | Found a white marble altar of Elyvilon.
  9721 | D:9      | Found a basalt altar of Yredelemnul.
  9808 | D:10     | Entered Level 10 of the Dungeon
 10117 | D:10     | Noticed a two-headed ogre
 10124 | D:10     | Killed a two-headed ogre
 10294 | D:10     | Reached skill level 15 in Axes
 10712 | D:10     | Found a staircase to the Lair.
 11103 | Lair:1   | Entered Level 1 of the Lair of Beasts
 11171 | Lair:1   | Noticed a catoblepas
 11208 | Lair:1   | Killed a catoblepas
 11336 | Lair:1   | Noticed a death yak
 11351 | Lair:1   | Killed a death yak
 11397 | Lair:1   | Noticed a death yak
 11397 | Lair:1   | Noticed a death yak
 11398 | Lair:1   | Noticed a death yak
 11398 | Lair:1   | Noticed a death yak
 11734 | Lair:1   | Reached XP level 12. HP: 112/112 MP: 11/11
 11762 | Lair:1   | Reached skill level 16 in Axes
 12076 | Lair:1   | Killed a death yak
 12083 | Lair:1   | Killed a death yak
 12103 | Lair:1   | HP: 5/112 [cane toad (13)]
 12103 | Lair:1   | Slain by a yak

Illustrated notes

Levels and vault maps discovered:
D:1:      minmay_arrival_glassed_features, layout_loops_cross,
          serial_bayou_pond_a, skrybe_limestone_x
D:2:      layout_loops_corners, basic_altar,
          hellmonk_ecumenical_altar_leap_of_faith
D:3:      layout_basic, nzn_overflow_gifts_of_might_and_magic, minmay_checkerbox
D:4:      layout_basic, minmay_temple_entry_butterflies,
          nicolae_ossuary_entry_giza
D:5:      layout_rooms
D:6:      layout_layer_cave, grunt_ministairs_10, kennysheep_generic_room_14
D:7:      layout_rooms, lemuel_flame_loot_1
D:8:      minmay_four_partial_circles, layout_loops_ring, grunt_decor_clamped,
          st_stairs_8, uniq_maggie
D:9:      layout_rooms, kennysheep_ying_yang, nicolae_overflows_in_rows
D:10:     layout_loops_cross, hellmonk_lair_entry_icy, kennysheep_boxes
Lair:1:   layout_loops_ring, serial_bayou_pond_c, pond, grunt_megastairs_3
Lair:2:   layout_misc_corridors, minmay_swamp_entry_eels, serial_bayou_shore_a,
          uniq_amaemon

Skill      XL: |  1  2  3  4  5  6  7  8  9 10 11 12 |
---------------+-------------------------------------+-----
Axes           | 4 5 6 7 8 9 11 12 14 15 16 | 16.5
Fighting       | 4 5 6 7 8 9 10 11 12 | 12.2
Ranged Weapons | 4 7 10 12 | 12.6
Armour         | |  2.4
Dodging        | |  2.1

Action                     |  1- 3 |  4- 6 |  7- 9 | 10-12 || total
---------------------------+-------+-------+-------+-------++-------
  Melee: Hand axe          |    79 |   120 |   240 |   135 ||   574
         Headbutt          |    12 |    15 |    44 |    72 ||   143
         Punch             |     2 |     1 |       |       ||     3
         Trident           |       |       |     4 |       ||     4
         Battleaxe         |       |       |       |   219 ||   219
   Fire: Sling             |       |       |    41 |     5 ||    46
         Orcbow            |       |       |       |    32 ||    32
  Throw: Stone             |       |    12 |     6 |       ||    18
         Dart              |       |       |    13 |    44 ||    57
 Invoke: Trog's Hand       |     1 |     7 |    11 |    18 ||    37
         Berserk           |       |     2 |    13 |    15 ||    30
  Evoke: Wand              |       |       |     4 |     3 ||     7
    Use: Scroll            |     1 |     5 |     5 |     8 ||    19
         Potion            |       |       |       |     2 ||     2
 Armour: Animal skin       |    10 |       |       |       ||    10
         Chain mail        |    24 |    60 |    72 |       ||   156
         Plate armour      |       |       |    45 |   178 ||   223
  Dodge: Dodged            |    46 |    59 |    55 |   124 ||   284
  Block: Kite shield       |       |       |   152 |    81 ||   233
         Reflection        |       |       |     7 |     3 ||    10
         Other             |       |       |       |    53 ||    53

Table legend: (Time is in decaauts)
 A = Elapsed time spent in this place.
 B = Non-inter-level travel time spent in this place.
 C = Inter-level travel time spent in this place.
 D = Time resting spent in this place.
 E = Time spent auto-exploring this place.
 F = Levels seen in this place.
 G = Mean time per level.
                   A        B        C        D        E       F      G
               +--------+--------+--------+--------+--------+-----+--------+
         Total |  12447 |  12144 |    303 |   3054 |   6507 |  13 |  957.5 |
       Dungeon |  11133 |  10831 |    302 |   2654 |   6105 |  10 | 1113.3 |
          Lair |   1032 |   1032 |      0 |    371 |    282 |   2 |  516.0 |
       Ossuary |    281 |    281 |      0 |     28 |    120 |   1 |  281.0 |
               +--------+--------+--------+--------+--------+-----+--------+

Top non-repeatable levels by time:
     D:8: 1793 daAuts
     D:9: 1338 daAuts
    D:10: 1321 daAuts
     D:4: 1245 daAuts
     D:3: 1179 daAuts
     D:6: 1082 daAuts
  Lair:1: 1027 daAuts
     D:7: 954 daAuts
     D:2: 807 daAuts
     D:1: 761 daAuts
     D:5: 649 daAuts
 Ossuary: 281 daAuts
  Lair:2: 4 daAuts
